 Dungeon Crawl Stone Soup version 0.27-a0-1612-gde56a17 (webtiles) character file.

Game seed: 1398907356073893977

914 Geeful the Chopper (level 8, -12/71 HPs)
             Began as a Hill Orc Monk on July 21, 2021.
             Was a Believer of Okawaru.
             Mangled by a two-headed ogre (17 damage)
             ... on level 5 of the Dungeon.
             The game lasted 00:11:16 (5496 turns).

Geeful the Chopper (Hill Orc Monk)                  Turns: 5496, Time: 00:11:16

Health: -12/71     AC:  7    Str: 16    XL:     8   Next: 9%
Magic:  8/8        EV: 11    Int: 12    God:    Okawaru [**....]
Gold:   261        SH:  0    Dex: 13    Spells: 7/7 levels left

rFire    . . .     SeeInvis .   b - +1 hand axe (drain)
rCold    . . .     Faith    .   (no shield)
rNeg     . . .     Spirit   .   n - +0 scale mail
rPois    +         Reflect  .   (no helmet)
rElec    .         Harm     .   (no cloak)
rCorr    +         Rampage  .   (no gloves)
Will     .....                  (no boots)
Stlth    ..........             j - amulet of Zygh {Acrobat rPois rCorr Int+2}
HPRegen  0.21/turn              (no ring)
MPRegen  0.11/turn              (no ring)

@: no status effects
A: no striking features
a: Renounce Religion, Heroism


You were on level 5 of the Dungeon.
You worshipped Okawaru.
Okawaru was pleased with you.
You visited 1 branch of the dungeon, and saw 5 of its levels.

You collected 261 gold pieces.

Inventory:

Hand Weapons
 b - a +1 hand axe of draining (weapon)
 h - a +1 vorpal hand axe
Missiles
 a - 3 datura-tipped darts (quivered)
Armour
 n - a +0 scale mail (worn)
Jewellery
 j - the amulet of Zygh (around neck) {Acrobat rPois rCorr Int+2}
   (You acquired it on level 4 of the Dungeon)

   [amulet of the acrobat]

   It increases your evasion while moving and waiting.
   Int:       It affects your intelligence (+2).
   rPois:     It protects you from poison.
   rCorr:     It protects you from acid and corrosion.
Scrolls
 f - a scroll of enchant armour
Potions
 g - a potion of magic
 i - 2 potions of lignification
 m - a potion of attraction


   Skills:
 + Level 6.5 Fighting
 + Level 7.0 Axes
 + Level 4.5 Armour
 + Level 4.4 Dodging
 - Level 1.6 Stealth


You had 7 spell levels left.
You didn't know any spells.
Your spell library contained the following spells:

 Spells                   Type           Power      Damage    Failure   Level
 Gell's Gravitas          Tloc           0%         N/A       97%         3
 Lesser Beckoning         Tloc           0%         N/A       97%         3
 Teleport Other           Tloc           0%         N/A       97%         3


Dungeon Overview and Level Annotations

Branches:
Dungeon (5/15)             Temple (0/1) D:5

Altars:
Cheibriados
Dithmenos
Fedhas
Hepliaklqana
Okawaru
Ru
Zin


Message History

The ogre barely misses you.
You hit the ogre. You drain the ogre.
The ogre is heavily wounded.
The ogre barely misses you.
You barely miss the ogre.
The ogre is heavily wounded.
The ogre barely misses you.
Your scale mail prevents you from hitting the ogre.
The ogre is heavily wounded.
You slash the ogre!
You kill the ogre!
Okawaru accepts your kill.
Your life force feels restored.
Your Axes skill increases to level 7!
You have reached level 8!
Items here: )) [ †.
Found 3 boomerangs.
A two-headed ogre comes into view. It is wielding two +0 giant clubs.
Okay, then.
The two-headed ogre shouts in stereo!
Items here: )) [ †.
You hit the two-headed ogre.
The two-headed ogre is lightly wounded.
The two-headed ogre hits you with a +0 giant club!!
The two-headed ogre hits you with a +0 giant club!
You hit the two-headed ogre.
The two-headed ogre is lightly wounded.
The two-headed ogre barely misses you. The two-headed ogre misses you.
You feel better.
You feel better.
The two-headed ogre closely misses you. x2
You hit the two-headed ogre. You drain the two-headed ogre.
The two-headed ogre is lightly wounded.
The two-headed ogre hits you with a +0 giant club!
The two-headed ogre hits you with a +0 giant club!!
* * * LOW HITPOINT WARNING * * *
You hit the two-headed ogre but do no damage.
The two-headed ogre is lightly wounded.
The two-headed ogre misses you.
The two-headed ogre hits you with a +0 giant club!
You die...

## ###
.###############.#
.................#
.###############.#
.# #.# .# #@# .#
#O# .# ######.# ##
#...(..# #.##.#.#
...#.. ..#. .#.#
.. .# . #. . ## .:
##


You could see a two-headed ogre (drained).

Vanquished Creatures
  An ice beast (D:4)
  2 necrophages (D:4)
  2 ogres
  A water moccasin skeleton (D:4)
  2 hounds
  A centaur skeleton (D:3)
  2 iguanas (D:4)
  Jessica (D:2)
  3 orc wizards
  A hound zombie (D:5)
  5 adders
  A howler monkey skeleton (D:4)
  2 worms
  2 dart slugs
  18 orcs
  7 bats
  9 endoplasms
  4 giant cockroaches
  11 goblins
  3 hobgoblins
  6 jackals
  4 kobolds
  5 quokkas
  5 ball pythons
  3 frilled lizards (D:2)
  6 rats
107 creatures vanquished.

Notes
Turn   | Place    | Note
-------+----------+-------------------------------------------
     0 | D:1      | Geeful the Hill Orc Monk began the quest for the Orb.
     0 | D:1      | Reached XP level 1. HP: 19/19 MP: 1/1
   136 | D:1      | Reached XP level 2. HP: 27/27 MP: 2/2
   175 | D:1      | Found a faded altar of an unknown god.
   872 | D:1      | Reached skill level 1 in Armour
   872 | D:1      | Reached XP level 3. HP: 31/33 MP: 3/3
  1456 | D:2      | Noticed Jessica
  1465 | D:2      | Killed Jessica
  1466 | D:2      | Reached XP level 4. HP: 37/41 MP: 4/4
  2094 | D:3      | Reached skill level 5 in Axes
  2094 | D:3      | Reached XP level 5. HP: 37/47 MP: 0/5
  2450 | D:3      | Found a glowing silver altar of Zin.
  3402 | D:4      | Noticed a necrophage
  3425 | D:4      | Killed a necrophage
  3426 | D:4      | Reached skill level 5 in Fighting
  3426 | D:4      | Reached XP level 6. HP: 33/56 MP: 3/6
  3719 | D:3      | Found a snail-covered altar of Cheibriados.
  3719 | D:3      | Found a blossoming altar of Fedhas.
  3780 | D:4      | Noticed a necrophage
  3800 | D:4      | Killed a necrophage
  3801 | D:4      | Reached skill level 6 in Axes
  3960 | D:4      | Reached XP level 7. HP: 56/61 MP: 7/7
  4477 | D:4      | Found a shadowy altar of Dithmenos.
  4483 | D:4      | Found an iron altar of Okawaru.
  4533 | D:4      | Became a worshipper of Warmaster Okawaru
  4533 | D:4      | Reached * piety under Okawaru
  4533 | D:4      | Reached ** piety under Okawaru
  4751 | D:4      | Found a sacrificial altar of Ru.
  4995 | D:4      | Found a hazy altar of Hepliaklqana.
  5214 | D:4      | Identified a scroll of acquirement
  5214 | D:4      | Acquired the amulet of Zygh {Acrobat rPois rCorr Int+2}
  5271 | D:5      | Entered Level 5 of the Dungeon
  5287 | D:5      | Found a staircase to the Ecumenical Temple.
  5478 | D:5      | Reached skill level 7 in Axes
  5478 | D:5      | Reached XP level 8. HP: 70/71 MP: 8/8
  5480 | D:5      | Noticed a two-headed ogre
  5496 | D:5      | Mangled by a two-headed ogre

Illustrated notes

Levels and vault maps discovered:
D:1:      dpeg_arrival_round_c, layout_basic,
          shapermc_ecumenical_altar_flowoftime
D:2:      layout_loops_cross, uniq_jessica
D:3:      layout_loops_cross, nicolae_overflow_hidden_temple, lemuel_tele_altar
D:4:      layout_basic, mainiacjoe_overflow_catwalk_spiral,
          mainiacjoe_overflow_surrounded_room,
          mainiacjoe_overflow_concentric_impassable, serial_glass,
          glass_columns_c, glass_columns_b, glass_columns_a, glass_columns_b
D:5:      layout_basic, trog_ov_bears_minmay, minmay_temple_entry_stoned_glass,
          serial_shops, shop, minmay_manual_monstrance, uniq_sigmund

Skill      XL: |  1  2  3  4  5  6  7 |
---------------+----------------------+-----
Fighting       | 4 5 6 |  6.5
Armour         | 1 2 3 4 |  4.5
Dodging        | 3 4 |  4.4
Axes           | 5 6 7 |  7.0
Stealth        | |  1.6

Action                   |  1- 3 |  4- 6 |  7- 9 || total
-------------------------+-------+-------+-------++-------
Melee: Hand axe          |   111 |   214 |   119 ||   444
       Punch             |       |       |     1 ||     1
Invok: Heroism           |       |       |     1 ||     1
  Use: Scroll            |     3 |     5 |     5 ||    13
       Potion            |       |     1 |     2 ||     3
 Stab: Sleeping          |       |     1 |       ||     1
Armor: Ring mail         |    36 |    61 |    16 ||   113
       Robe              |     1 |       |       ||     1
       Scale mail        |       |       |    18 ||    18
Dodge: Dodged            |    64 |   119 |    60 ||   243

Table legend: (Time is in decaauts)
 A = Elapsed time spent in this place.
 B = Non-inter-level travel time spent in this place.
 C = Inter-level travel time spent in this place.
 D = Time resting spent in this place.
 E = Time spent auto-exploring this place.
 F = Levels seen in this place.
 G = Mean time per level.
                   A        B        C        D        E       F      G
               +--------+--------+--------+--------+--------+-----+--------+
         Total |   5507 |   5325 |    182 |    108 |   4211 |   5 | 1101.4 |
       Dungeon |   5507 |   5325 |    182 |    108 |   4211 |   5 | 1101.4 |
               +--------+--------+--------+--------+--------+-----+--------+

Top non-repeatable levels by time:
     D:4: 1861 daAuts
     D:3: 1398 daAuts
     D:2: 1024 daAuts
     D:1: 1000 daAuts
     D:5: 222 daAuts
